 Dungeon Crawl Stone Soup version 0.22.0-27-ga576289 (webtiles) character file.

266 Faca the Cutter (level 6, -3/66 HPs)
             Began as a Halfling Abyssal Knight on Aug 23, 2018.
             Was a Believer of Lugonu.
             Slain by an orc priest
             ... wielding a +0 club
              (5 damage)
             ... on level 3 of the Dungeon.
             The game lasted 00:07:17 (3174 turns).

Faca the Cutter (Halfling Abyssal Knight)           Turns: 3174, Time: 00:07:18

Health: -3/66      AC:  7    Str: 18    XL:     6   Next: 44%
Magic:  7/7        EV: 13    Int: 10    God:    Lugonu [**....]
Gold:   229        SH:  0    Dex: 16    Spells: 5/5 levels left

rFire    . . .     SeeInvis .   a - +1 short sword
rCold    . . .     Gourm    .   (shield restricted)
rNeg     . . .     Faith    .   n - +0 ring mail
rPois    .         Spirit   .   (no helmet)
rElec    .         Reflect  .   o - +0 cloak
rCorr    .         Harm     .   h - +0 pair of gloves
MR       .....                  (no boots)
Stlth    ..........             (no amulet)
HPRegen  0.21/turn              (no ring)
MPRegen  0.10/turn              (no ring)

@: berserking, very quick
A: small, mutation resistance 1
a: Depart the Abyss, Bend Space, Renounce Religion


You were on level 3 of the Dungeon.
You worshipped Lugonu.
Lugonu was pleased with you.
You were not hungry.

You visited 1 branch of the dungeon, and saw 3 of its levels.
You visited the Abyss 1 time.

You collected 229 gold pieces.

Inventory:

Hand Weapons
 a - a +1 short sword (weapon)
 k - a +1 dagger of draining
Armour
 h - a +0 pair of gloves (worn)
 n - a +0 ring mail (worn)
 o - a +0 cloak (worn)
Scrolls
 b - a scroll of blinking {unknown}
 d - 2 scrolls of immolation {unknown}
 g - 4 scrolls of remove curse {unknown}
 i - a scroll of fog {unknown}
 t - a scroll of enchant weapon {unknown}
 u - a scroll of teleportation {unknown}
Potions
 e - 2 potions of haste {unknown}
 f - a potion of agility {unknown}
 j - 3 potions of heal wounds {unknown}
 m - a potion of resistance
 p - a potion of mutation {unknown}
 q - a potion of might
 r - 2 potions of berserk rage
 s - a potion of lignification {unknown}
Comestibles
 c - 5 rations


   Skills:
 + Level 4.7 Fighting
 + Level 5.6 Short Blades
 - Level 2.1 Armour
 - Level 1.1 Dodging
 - Level 2.0 Invocations


You had 5 spell levels left.
You didn't know any spells.
Your spell library was empty.

Dungeon Overview and Level Annotations

Branches:
Dungeon (3/15)

Altars:
Uskayaw

Annotations:
D:2 1 runed door


Innate Abilities, Weirdness & Mutations

You are small and have problems with some larger weapons.
You are somewhat resistant to further mutation.


Message History

You barely miss the orc priest.
The orc priest is severely wounded.
The orc completely misses you. The orc barely misses you.
The orc closely misses you.
The orc priest mumbles some strange prayers to Beogh against you.
Beogh smites you!
* * * LOW HITPOINT WARNING * * *
It was a potion of berserk rage.
A red film seems to cover your vision as you go berserk!
You feel yourself moving faster!
You feel mighty! The orc barely misses you. The orc misses you.
The orc priest miscasts a cantrip.
The orc hits you but does no damage.
You hit the orc priest.
The orc priest is almost dead.
The orc barely misses you.
You barely miss the orc priest.
The orc priest is almost dead.
The orc priest hits you with a club.
You die...

.......#..........###############
######...######...# ##.##
##.############ #.#
#............##### #.#
#..#######........
################# ####.####.
#...........!...... #.# #†
###...#...#.oo#..$#. #.# #.
#...........@ob..... ##.####.
#.#...#...#..o#...#. #.......
#................... ##.#####
#.#####################>#
#........# #.........#.#
######...# #..########.#
##.#####..########.#
#.................#
###################


You could see an orc priest, 3 orcs and a bat.

Vanquished Creatures
  An ogre (D:3)
  An orc priest (D:3)
  An orc wizard (D:3)
  Jessica (D:2)
  3 adders (D:2)
  An ooze (D:2)
  A dart slug (D:2)
  3 leopard geckos
  6 orcs (D:3)
  A giant cockroach (D:3)
  15 goblins
  4 hobgoblins
  4 jackals (D:2)
  2 kobolds (D:1)
  2 bats (D:2)
  2 frilled lizards
  9 rats
57 creatures vanquished.

Notes
Turn   | Place    | Note
-------+----------+-------------------------------------------
     0 | Abyss:1  | Faca the Halfling Abyssal Knight began the quest for the Orb.
     0 | Abyss:1  | Reached XP level 1. HP: 15/15 MP: 2/2
     8 | Abyss:1  | Found an iron altar of Okawaru.
    13 | D:1      | Escaped the Abyss
   184 | D:1      | Reached XP level 2. HP: 20/20 MP: 3/3
   279 | D:1      | Reached skill level 3 in Short Blades
   831 | D:2      | Found a hide-covered altar of Uskayaw.
   842 | D:2      | Reached XP level 3. HP: 21/26 MP: 4/4
   983 | D:2      | Noticed Jessica
   999 | D:2      | Killed Jessica
   999 | D:2      | Reached XP level 4. HP: 24/31 MP: 5/5
  1233 | D:2      | Reached skill level 4 in Short Blades
  1430 | D:2      | Reached ** piety under Lugonu
  1839 | D:2      | Found a runed door.
  1988 | D:3      | Reached XP level 5. HP: 37/37 MP: 6/6
  2167 | D:3      | HP: 1/37 [orc priest (2)]
  2601 | D:3      | Reached skill level 5 in Short Blades
  2706 | D:3      | Noticed an ogre
  2732 | D:3      | Killed an ogre
  2732 | D:3      | Reached XP level 6. HP: 13/44 MP: 7/7
  3171 | D:3      | HP: 1/44 [orc priest/divine providence (8)]
  3174 | D:3      | Slain by an orc priest

Skill      XL: |  1  2  3  4  5 |
---------------+----------------+-----
Fighting       | 3 4 |  4.7
Short Blades   | 3 4 5 |  5.6
Armour         | |  2.1
Dodging        | |  1.1
Invocations    | |  2.0

Action                   |  1- 3 |  4- 6 || total
-------------------------+-------+-------++-------
Melee: Short sword       |    68 |   177 ||   245
Throw: Throwing net      |       |     1 ||     1
Invok: Bend Space        |       |     1 ||     1
  Use: Scroll            |     1 |     3 ||     4
       Potion            |       |     1 ||     1
  Eat: Chunk             |       |     3 ||     3
       Ration            |       |     2 ||     2
Armor: Leather armour    |     7 |       ||     7
       Ring mail         |     6 |    74 ||    80
Dodge: Dodged            |    26 |   134 ||   160
